 Dungeon Crawl Stone Soup version 0.29-a0-304-gb34f9e133a (webtiles) character file.

Game seed: 8540927206335363796

2872 Essalna the Destroyer (level 9, -3/49 HPs)
             Began as a Gargoyle Conjurer on Mar 26, 2022.
             Was a Believer of Vehumet.
             Killed by divine providence
             ... invoked by an orc priest
              (10 damage)
             ... on level 7 of the Dungeon.
             The game lasted 00:29:07 (10219 turns).

Essalna the Destroyer (Gargoyle Conjurer)          Turns: 10219, Time: 00:29:08

Health: -3/49      AC: 13    Str: 11    XL:     9   Next: 76%
Magic:  11/20      EV: 12    Int: 23    God:    Vehumet [**....]
Gold:   339        SH:  0    Dex: 10    Spells: 15/23 levels left

rFire   + . .      SeeInvis .   y - staff of earth
rCold   . . .      Faith    .   (no shield)
rNeg    + . .      Spirit   .   C - +0 steam dragon scales
rPois   ∞          Reflect  .   n - +0 helmet
rElec   +          Harm     .   (no cloak)
rCorr   .          Rampage  .   (no gloves)
Will    .....                   (no boots)
Stlth   ++........              (no amulet)
HPRegen 0.16/turn               g - ring of protection from fire
MPRegen 0.17/turn               (no ring)

@: no status effects
A: sickness immunity, AC +6, negative energy resistance 1, electricity
resistance, torment resistance 1, petrification resistance, agile 1, screaming 1
a: Renounce Religion


You were on level 7 of the Dungeon.
You worshipped Vehumet.
Vehumet was pleased with you.
You visited 2 branches of the dungeon, and saw 8 of its levels.
You also visited: Ossuary.

You collected 339 gold pieces.

Inventory:

Hand Weapons
 f - a +1 vorpal dagger
Missiles
 i - 5 silver javelins
Armour
 a - a +0 robe
 n - a +0 helmet (worn)
 C - +0 steam dragon scales (worn)
Magical Staves
 y - a staff of earth (weapon)
 A - a staff of fire
Jewellery
 g - a ring of protection from fire (left hand)
 v - an amulet of regeneration
Wands
 w - a wand of flame (27)
 z - a wand of mindburst (11)
Scrolls
 b - a scroll of brand weapon
 c - 2 scrolls of amnesia {unknown}
 e - 2 scrolls of enchant weapon
 l - 3 scrolls of identify
 o - 2 scrolls of enchant armour {unknown}
 p - 3 scrolls of fog {unknown}
 q - a scroll of torment {unknown}
 r - 3 scrolls of teleportation {unknown}
 u - 3 scrolls of fear {unknown}
Potions
 d - a potion of curing {unknown}
 h - 2 potions of cancellation
 j - 2 potions of lignification {unknown}
 k - 4 potions of mutation
 m - a potion of magic
 s - 3 potions of berserk rage {unknown}
 t - a potion of heal wounds
 x - a potion of flight {unknown}
 B - a potion of haste {unknown}


   Skills:
 + Level 2.4 Fighting
 + Level 2.4 Armour
 + Level 2.5 Dodging
 + Level 3.6 Stealth
 + Level 7.8 Spellcasting
 + Level 10.1 Conjurations
 + Level 2.2 Fire Magic
 + Level 2.4 Earth Magic


You had 15 spell levels left.
You knew the following spells:

 Your Spells              Type           Power      Damage    Failure   Level
a - Magic Dart            Conj           100%       1d8       1%          1
b - Searing Ray           Conj           100%       2d8       1%          2
c - Stone Arrow           Conj/Erth      100%       3d13      1%          3
d - Scorch                Fire           38%        2d6       4%          2

Your spell library contained the following spells:

 Spells                   Type           Power      Damage    Failure   Level
 Sandblast                Erth           60%        2d14      2%          1
 Dazzling Flash           Conj/Hex       64%        N/A       2%          3
 Passwall                 Tmut/Erth      17%        N/A       7%          2
 Fulminant Prism          Conj/Hex       16%        3d11      9%          4
 Iskenderun's Mystic Bla  Conj/Tloc      32%        2d8       9%          4


Dungeon Overview and Level Annotations

Branches:
Dungeon (7/15)             Temple (1/1) D:4         Ossuary (visited)

Altars:
Ashenzari
Cheibriados
Dithmenos
Elyvilon
Fedhas
Gozag
Hepliaklqana
Kikubaaqudgha
Makhleb
Nemelex Xobeh
Okawaru
Qazlal
Sif Muna
Uskayaw
Vehumet
Wu Jian
Xom
Yredelemnul
Zin
The Shining One


Innate Abilities, Weirdness & Mutations

You are immune to sickness and miasma.
Your stone body is resilient. (AC +6)
You are immune to poison.
You resist negative energy. (rN+)
You are resistant to electric shocks. (rElec)
You are resistant to unholy torment.
You are immune to petrification.
You are agile. (Dex +2)
You occasionally shout uncontrollably at your foes.


Message History

Vehumet accepts your kill.
The searing ray hits the orc warrior but does no damage.
The orc warrior is lightly wounded.
The orc warrior closely misses you.
The searing ray hits the orc warrior!
The orc warrior is heavily wounded.
The orc warrior hits you from afar with a +0 halberd.
The searing ray hits the gnoll!
The gnoll is severely wounded.
The searing ray hits the orc warrior.
The orc warrior is severely wounded.
You finish channelling your searing ray.
The orc warrior hits you from afar with a +0 halberd.
The gnoll hits you but does no damage.
Casting: Searing Ray (safe; 1% risk of failure)
Confirm with . or Enter, or press ? or * to list all spells.
Aiming: Searing Ray (safe; 1% risk of failure)
Press: ? - help, Shift-Dir - straight line, f - gnoll
Aim: a gnoll, wielding a +0 club (severely wounded, 85% to hit)
The searing ray hits the gnoll!
You kill the gnoll!
Vehumet accepts your kill.
The searing ray hits the orc warrior but does no damage.
The orc warrior is severely wounded. (Press . to maintain the ray.)
The orc warrior hits you from afar with a +0 halberd.
The searing ray hits the orc warrior but does no damage.
The orc warrior is severely wounded.
The orc warrior hits you from afar with a +0 halberd!
* * * LOW HITPOINT WARNING * * *
The searing ray hits the orc warrior but does no damage.
The orc warrior is severely wounded.
The orc warrior hits you from afar with a +0 halberd.
* * * LOW HITPOINT WARNING * * *
The searing ray hits the orc warrior!
The orc warrior is almost dead.
You finish channelling your searing ray.
The orc priest calls down the wrath of Beogh upon you.
Beogh smites you!
You die...

##[.##..##
#$####.....#.#
.#####.##
#............#
......g#
###.....###
##g#####
####...## #.#
#.....## #.#
#.#####
##g##### #.#
.......# #.#
######.# #@#
#.#########)#
#....g.g..oo#
#######.#####
#.# #.# #.#
#.# +.#


You could see an orc warrior and an orc priest.

Vanquished Creatures
  A manticore (D:7)
  A troll (D:7)
  A steam dragon (D:7)
  2 ice beasts
  2 sky beasts
  2 black bears
  A centaur (D:6)
  2 phantoms (D:5)
  A kobold brigand (D:6)
  7 scorpions
  A human zombie (Ossuary)
  2 orc priests
  3 hounds
  2 jellies
  3 iguanas
  7 orc wizards
  4 mummies
  12 gnolls
  8 adders
  A shadow imp (D:7)
  An ufetubus (D:4)
  5 adder zombies (Ossuary)
  3 dart slugs
  2 worms
  22 orcs
  11 bats
  8 endoplasms
  5 giant cockroaches
  5 goblins
  13 hobgoblins
  13 jackals
  4 quokkas
  10 ball pythons
  3 frilled lizards (D:2)
  3 goblin zombies
  A hobgoblin zombie (D:4)
  11 kobolds
  5 kobold zombies (Ossuary)
  3 quokka zombies (Ossuary)
  6 rats
  2 rat zombies (Ossuary)
199 creatures vanquished.

Notes
Turn   | Place    | Note
-------+----------+-------------------------------------------
     0 | D:1      | Essalna the Gargoyle Conjurer began the quest for the Orb.
     0 | D:1      | Reached XP level 1. HP: 10/10 MP: 3/3
   298 | D:1      | Reached XP level 2. HP: 13/15 MP: 0/5
   681 | D:1      | Reached XP level 3. HP: 17/19 MP: 1/6
   841 | D:1      | Reached skill level 5 in Conjurations
  1001 | D:1      | Learned a level 2 spell: Searing Ray
  1222 | D:1      | Found a faded altar of an unknown god.
  1550 | D:2      | Found Ivytor's Antique Armour Boutique.
  1885 | D:2      | Reached XP level 4. HP: 21/24 MP: 6/8
  2665 | D:3      | HP: 1/24 [orc/+0 hand axe (3)]
  3524 | D:4      | Reached XP level 5. HP: 28/28 MP: 0/10
  3549 | D:4      | Found a sand-covered staircase.
  3553 | Ossuary  | Entered an ossuary
  3579 | Ossuary  | Gained mutation: You occasionally shout uncontrollably at
                  | your foes. [potion of mutation]
  3579 | Ossuary  | Gained mutation: You are agile. (Dex +2) [potion of
                  | mutation]
  3626 | Ossuary  | Reached skill level 6 in Conjurations
  4415 | D:4      | Reached XP level 6. HP: 32/32 MP: 7/12
  4673 | D:4      | Found an iron altar of Okawaru.
  4701 | D:4      | Noticed a sky beast
  4720 | D:4      | Killed a sky beast
  4821 | D:4      | Found a staircase to the Ecumenical Temple.
  4833 | Temple   | Entered the Ecumenical Temple
  5160 | Temple   | Became a worshipper of Vehumet
  5569 | D:4      | Reached skill level 7 in Conjurations
  5569 | D:4      | Reached XP level 7. HP: 36/36 MP: 10/14
  5701 | D:4      | Reached * piety under Vehumet
  5701 | D:4      | Offered knowledge of Foxfire by Vehumet.
  5712 | D:4      | Reached skill level 5 in Spellcasting
  6350 | D:5      | Entered Level 5 of the Dungeon
  6555 | D:5      | Reached skill level 8 in Conjurations
  6741 | D:5      | Reached XP level 8. HP: 21/41 MP: 4/17
  8067 | D:5      | Learned a level 3 spell: Stone Arrow
  8314 | D:6      | Reached skill level 9 in Conjurations
  8535 | D:6      | Reached ** piety under Vehumet
  8536 | D:6      | Offered knowledge of Scorch by Vehumet.
  8993 | D:6      | Learned a level 2 spell: Scorch
  8998 | D:6      | Reached XP level 9. HP: 46/46 MP: 20/20
  9504 | D:7      | Noticed a two-headed ogre
  9509 | D:7      | Reached skill level 1 in Fighting
  9509 | D:7      | Reached skill level 1 in Armour
  9509 | D:7      | Reached skill level 1 in Fire Magic
  9555 | D:7      | Reached skill level 1 in Earth Magic
  9768 | D:7      | Noticed a troll
  9773 | D:7      | Killed a troll
  9871 | D:7      | Noticed a manticore
  9875 | D:7      | Killed a manticore
  9876 | D:7      | Reached skill level 10 in Conjurations
 10219 | D:7      | Killed from afar by an orc priest

Illustrated notes

Levels and vault maps discovered:
D:1:      tarquinn_simple_flora_water_f, layout_loops_ring,
          hellmonk_ecumenical_altar_prayer_group
D:2:      layout_rooms, serial_shops, nicolae_shop_waterfront, st_stairs_4,
          guppyfry_early_lair_pool
D:3:      layout_basic
D:4:      layout_basic, general_overflow_altar,
          minmay_temple_entry_statues_pillars, nicolae_ossuary_entry_giza,
          roderic_batcave, minmay_bent
D:5:      layout_basic, chequers_serial_rivers_large_b,
          minmay_tree_intersection, chequers_decorated_corner
D:6:      layout_loops_cross, minmay_misc_feat_alley
D:7:      minmay_the_grid_plus [minmay_the_grid_stretched_grid,
          minmay_the_grid_box_x, minmay_the_grid_fan, minmay_the_grid_spin_star,
          minmay_the_grid_prize_trominoes], layout_loops_ring,
          roderic_serpentine_path
Temple:   mainiacjoe_temple_bowtie_tessellation

Skill      XL: |  1  2  3  4  5  6  7  8  9 |
---------------+----------------------------+-----
Conjurations   | 5 6 7 8 9 10 | 10.1
Spellcasting   | 3 4 6 7 |  7.8
Fighting       | 2 |  2.4
Armour         | 2 |  2.4
Fire Magic     | 2 |  2.2
Dodging        | 2 |  2.5
Earth Magic    | 2 |  2.4
Stealth        | 3 |  3.6

Action                   |  1- 3 |  4- 6 |  7- 9 || total
-------------------------+-------+-------+-------++-------
Melee: Unarmed           |     7 |       |       ||     7
       Dagger            |     7 |   104 |    17 ||   128
       Punch             |       |     3 |     1 ||     4
       Staff             |       |       |     9 ||     9
 Cast: Magic Dart        |    79 |   165 |   129 ||   373
       Searing Ray       |       |     6 |    13 ||    19
       Stone Arrow       |       |       |    53 ||    53
  Use: Scroll            |       |     6 |       ||     6
       Potion            |       |     7 |       ||     7
Armor: Robe              |     8 |    53 |    45 ||   106
       Steam dragon scal |       |       |     9 ||     9
Dodge: Dodged            |    15 |   105 |    80 ||   200

Table legend: (Time is in decaauts)
 A = Elapsed time spent in this place.
 B = Non-inter-level travel time spent in this place.
 C = Inter-level travel time spent in this place.
 D = Time resting spent in this place.
 E = Time spent auto-exploring this place.
 F = Levels seen in this place.
 G = Mean time per level.
                   A        B        C        D        E       F      G
               +--------+--------+--------+--------+--------+-----+--------+
         Total |  10270 |   9922 |    348 |     47 |   8563 |   9 | 1141.1 |
       Dungeon |   9089 |   8841 |    248 |     47 |   7661 |   7 | 1298.4 |
        Temple |    336 |    236 |    100 |      0 |    220 |   1 |  336.0 |
       Ossuary |    843 |    843 |      0 |      0 |    682 |   1 |  843.0 |
               +--------+--------+--------+--------+--------+-----+--------+

Top non-repeatable levels by time:
     D:5: 1908 daAuts
     D:4: 1582 daAuts
     D:6: 1512 daAuts
     D:3: 1507 daAuts
     D:1: 1390 daAuts
 Ossuary: 843 daAuts
     D:2: 690 daAuts
     D:7: 499 daAuts
  Temple: 336 daAuts
